 Dungeon Crawl Stone Soup version 0.29.1-1-gd02db6906a (console) character file.

Game seed: 14248487536784770401

17776 erker the Summoner (level 12, -2/74 HPs)
             Began as an Octopode Summoner on Oct 8, 2022.
             Was an Initiate of Gozag.
             Slain by a kobold demonologist
             ... wielding a +0 dagger
              (4 damage)
             ... on level 13 of the Dungeon.
             The game lasted 01:14:05 (18130 turns).

erker the Summoner (Octopode Summoner)             Turns: 18130, Time: 01:14:06

Health: -2/74      AC:  1    Str:  8    XL:     12   Next: 51%
Magic:  13/24      EV: 13    Int: 22    God:    Gozag
Gold:   1968       SH:  0    Dex: 12    Spells: 10/28 levels left

rFire   . . .      SeeInvis .   b - +5 falchion "Gram" {protect, rPois}
rCold   . . .      Faith    .   (no shield)
rNeg    . . .      Spirit   .   (helmet restricted)
rPois   +          Reflect  .   (no amulet)
rElec   .          Harm     .   O - ring of resist corrosion
rCorr   +          Rampage  .   (no ring)
Will    .....                   (no ring)
Stlth   +++.......              (no ring)
HPRegen 0.22/turn               (no ring)
MPRegen 0.19/turn               (no ring)
                                (no ring)
                                (no ring)

@: no status effects
A: almost no armour, amphibious, 8 rings, camouflage 1, gelatinous body 1,
(nimble swimmer 1), tentacles
a: Renounce Religion, Potion Petition, Call Merchant, Bribe Branch


You were on level 13 of the Dungeon.
You worshipped Gozag.
Gozag was most pleased with you.
You visited 3 branches of the dungeon, and saw 15 of its levels.

You collected 2026 gold pieces.
You paid 58 gold pieces to Gozag.

Inventory:

Hand Weapons
 a - the +6 sling of Osuwed {speed, Fly Int+3}
   (You found it on level 6 of the Dungeon)

   Attacks with this weapon are significantly faster.
   Int:       It affects your intelligence (+3).
   Fly:       It grants you flight.
 b - the +5 falchion "Gram" (weapon) {protect, rPois}
   (You found it on level 5 of the Dungeon)

   It grants its wielder temporary protection when it strikes (+7 to AC).
   rPois:     It protects you from poison.
 q - a +0 halberd
 E - the +6 hammer "Joresuin" {protect, rF+}
   (You found it on level 7 of the Dungeon)

   It grants its wielder temporary protection when it strikes (+7 to AC).
   rF:        It protects you from fire.
 F - a +2 trident of venom
 M - a +1 trident of pain
Missiles
 g - 65 poisoned darts (quivered)
 x - a throwing net
 K - a curare-tipped dart
Armour
 t - an orb of mayhem
Magical Staves
 z - a staff of death
 N - a staff of conjuration
 P - a staff of fire
Jewellery
 n - a ring of ice
 O - a ring of resist corrosion (left tentacle)
Wands
 s - a wand of quicksilver (18)
 B - a wand of flame (28)
 H - a wand of iceblast (11)
 R - a wand of mindburst (8)
Scrolls
 c - a scroll of brand weapon {unknown}
 d - 3 scrolls of blinking {unknown}
 e - a scroll of acquirement {unknown}
 f - 2 scrolls of amnesia {unknown}
 i - 13 scrolls of teleportation {unknown}
 m - 13 scrolls of identify {unknown}
 p - 4 scrolls of magic mapping {unknown}
 r - 5 scrolls of immolation
 y - a scroll of silence {unknown}
 C - a scroll of enchant weapon {unknown}
 G - a scroll of butterflies {unknown}
 J - 3 scrolls of noise {unknown}
 L - 2 scrolls of vulnerability {unknown}
 S - a scroll of poison {unknown}
 U - a scroll of fear {unknown}
Potions
 h - a potion of berserk rage {unknown}
 j - a potion of resistance
 k - a potion of mutation {unknown}
 l - 3 potions of ambrosia {unknown}
 o - 3 potions of flight {unknown}
 u - 2 potions of heal wounds {unknown}
 v - 2 potions of attraction {unknown}
 w - 2 potions of might {unknown}
 A - 4 potions of magic
 D - a potion of cancellation {unknown}
 I - 3 potions of degeneration {unknown}
 Q - 4 potions of curing
 T - a potion of haste {unknown}
Miscellaneous
 V - a phial of floods


   Skills:
 + Level 3.8 Fighting
 - Level 2.1 Dodging
 - Level 3.0 Stealth
 + Level 8.8 Spellcasting
 - Level 2.0 Hexes
 - Level 14.2 Summonings
 - Level 9.0 Translocations
 + Level 5.7 Air Magic


You had 10 spell levels left.
You knew the following spells:

 Your Spells              Type           Power      Damage    Failure   Level
a - Summon Small Mammal   Summ           100%       N/A       1%          1
b - Blink                 Tloc           98%        N/A       1%          2
g - Summon Guardian Gole  Hex/Summ       45%        N/A       1%          3
h - Call Canine Familiar  Summ           64%        N/A       1%          3
l - Summon Lightning Spi  Summ/Air       52%        N/A       1%          4
m - Manifold Assault      Tloc           49%        N/A       4%          5

Your spell library contained the following spells:

 Spells                   Type           Power      Damage    Failure   Level
 Call Imp                 Summ           64%        N/A       1%          2
 Lesser Beckoning         Tloc           49%        N/A       1%          3
 Portal Projectile        Hex/Tloc       66%        N/A       2%          3
 Mephitic Cloud           Conj/Pois/Air  18%        N/A       10%         3
 Ignite Poison            Fire/Tmut/Pois 9%         N/A       21%         3
 Leda's Liquefaction      Hex/Erth       7%         N/A       41%         4
 Dispel Undead            Necr           9%         3d8       56%         4
 Freezing Cloud           Conj/Ice/Air   9%         6-21      65%         5
 Death Channel            Necr           4%         N/A       100%        6
 Corpse Rot               Necr/Pois/Air  Unusable   N/A       N/A         4

Dungeon Overview and Level Annotations

Branches:
Dungeon (13/15)            Temple (1/1) D:5            Lair (1/5) D:10
    Orc (0/2) D:10
 Vaults: D:13-14

Altars:
Ashenzari
Cheibriados
Dithmenos
Elyvilon
Fedhas
Gozag
Hepliaklqana
Kikubaaqudgha
Makhleb
Nemelex Xobeh
Okawaru
Qazlal
Ru
Sif Muna
Trog
Uskayaw
Vehumet
Wu Jian
Xom
Yredelemnul
Zin
The Shining One

Shops:
D:1 [   D:11 =


Innate Abilities, Weirdness & Mutations

You cannot wear most types of armour.
You are amphibious.
You can wear up to eight rings at the same time.
Your skin changes colour to match your surroundings (Stealth+).
Your rubbery body absorbs attacks. (AC +1, EV +1)
((You are camouflaged when in or above water. (Stealth+)))
You have tentacles for arms and can constrict up to eight enemies at once.


Message History

Your Translocations skill increases to level 9!
Your lightning spire is engulfed in blazing flames.
Your lightning spire is engulfed in blazing flames.
There is a stone staircase leading up here.
Unknown command.
Unknown command.
Unknown command.
Unknown command.
Unknown command.
Unknown command.
Unknown command.
A kobold demonologist comes into view. It is wielding a +0 dagger.
Casting: Summon Guardian Golem (safe; 1% risk of failure)
Confirm with . or Enter, or press ? or * to list all spells.
The kobold demonologist shouts!
Casting: Call Canine Familiar (safe; 1% risk of failure)
Confirm with . or Enter, or press ? or * to list all spells.
An electric hum fills the air.
Casting: Summon Lightning Spire (dangerous; 1% risk of failure)
Confirm with . or Enter, or press ? or * to list all spells.
A guardian golem appears, shielding your allies.
Your warg misses the kobold demonologist.
Your warg bites the kobold demonologist.
A centaur warrior comes into view.
Your warg barely misses the kobold demonologist.
The kobold demonologist hits your warg with a +0 dagger.
The centaur warrior wields a +0 shortbow.
The centaur warrior shoots an arrow.
The arrow hits you!!
Your warg closely misses the kobold demonologist.
Casting: Summon Guardian Golem (safe; 1% risk of failure)
Confirm with . or Enter, or press ? or * to list all spells.
Your warg barely misses the kobold demonologist.
The centaur warrior shoots an arrow.
The arrow hits you!!
Your bat misses the kobold demonologist.
The centaur warrior shoots an arrow.
The arrow closely misses your warg. The arrow hits you!!
* * * LOW HITPOINT WARNING * * *
The kobold demonologist hits you with a +0 dagger.
You die...
Your body crumbles into a pile of gold.

#...# #...#
#...# #...#
#...# ##.## #.#
##.#########
#......8.@.#
#....>.hK..#
#......9...#
#..c...b...#
##..........#
###...........#
#§§8..........#
#§.#..........#
#§§§..........#


You could see a centaur warrior, a kobold demonologist (ally target), a friendly
guardian golem (summoned), a friendly warg (summoned, sheltered), a friendly
lightning spire (summoned, sheltered) and a friendly bat (summoned, sheltered).

Vanquished Creatures
  A two-headed ogre (D:10)
  A kobold demonologist (D:9)
  A hornet (D:8)
  A bullfrog (D:7)
  2 jellies
  A gnoll bouda (D:4)
  2 hounds (D:5)
  An iguana (D:7)
  Natasha (twice) (D:3)
  2 orc wizards (D:5)
  4 adders
  An ufetubus (D:7)
  A worm (D:2)
  A dart slug (D:1)
  25 orcs
  3 bats
  4 endoplasms
  A giant cockroach (D:1)
  8 goblins
  2 hobgoblins
  3 jackals (D:1)
  6 kobolds
  2 quokkas (D:4)
  5 ball pythons
  6 rats
86 creatures vanquished.

Vanquished Creatures (collateral kills)
  A two-headed ogre (D:9)
  3 death yaks (D:10)
  2 manticores
  An ugly thing (D:11)
  2 cane toads (Lair:1)
  A torpor snail (Lair:1)
  An unseen horror (D:11)
  2 kobold demonologists (D:9)
  A komodo dragon (D:12)
  3 trolls
  A wraith (D:9)
  3 yaks (D:9)
  The ghost of t4s4d4r the Magician, an amateur DjEE (D:4)
  A steam dragon (D:10)
  A warg (D:10)
  2 acid dragons (D:11)
  3 water moccasins
  An orc warrior (D:4)
  A sky beast (D:7)
  A centaur (D:10)
  5 kobold brigands
  3 phantoms
  5 bullfrogs
  2 gnoll sergeants
  A necrophage (D:7)
  2 scorpions
  3 wights (D:9)
  2 hounds
  Crazy Yiuf (D:7)
  A gnoll bouda (D:7)
  An iguana (D:4)
  7 orc wizards
  A statue (D:9)
  Robin (D:2)
  4 adders
  9 gnolls
  A shadow imp (D:5)
  3 white imps
  An ufetubus (D:5)
  A worm (D:4)
  16 orcs
  6 endoplasms
  7 goblins
  2 hobgoblins
  5 jackals (D:1)
  2 quokkas
  2 bats
  A frilled lizard (D:1)
  14 kobolds
  A rat (D:3)
142 creatures vanquished.

Vanquished Creatures (others)
  A hydra (D:11)
  6 death yaks
  A cyclops (D:12)
  A cane toad (Lair:1)
  3 gargoyles
  A wraith (D:10)
  3 orc warriors
  2 ice beasts (D:6)
  A black bear (D:6)
  An ogre (D:6)
  A centaur (D:7)
  Blork the orc (D:5)
  A scorpion (D:5)
  2 iguanas
  3 orc wizards
  2 gnolls
  2 orcs
  3 fungi (Lair:1)
  5 plants
40 creatures vanquished.

Grand Total: 268 creatures vanquished

Notes
Turn   | Place    | Note
-------+----------+-------------------------------------------
     0 | D:1      | erker the Octopode Summoner began the quest for the Orb.
     0 | D:1      | Reached XP level 1. HP: 11/11 MP: 3/3
    88 | D:1      | Reached XP level 2. HP: 5/17 MP: 1/5
   822 | D:1      | Found a faded altar of an unknown god.
   903 | D:1      | Reached XP level 3. HP: 7/21 MP: 3/6
   907 | D:1      | Learned a level 3 spell: Call Canine Familiar
  1635 | D:1      | Reached skill level 5 in Summonings
  1806 | D:1      | Found Fyemys's Antique Armour Shop.
  1979 | D:2      | Found a sparkling altar of Nemelex Xobeh.
  2069 | D:2      | Noticed Robin
  2280 | D:3      | Noticed Natasha
  2331 | D:3      | Reached XP level 4. HP: 25/27 MP: 7/7
  2349 | D:3      | Learned a level 3 spell: Summon Guardian Golem
  2530 | D:3      | HP: 1/27 [poisoned by a gnoll]
  2773 | D:4      | Reached skill level 1 in Hexes
  2909 | D:4      | Reached XP level 5. HP: 31/31 MP: 2/8
  2983 | D:4      | Found a runed translucent door.
  2988 | D:4      | Noticed an orc warrior
  2988 | D:4      | Noticed t4s4d4r's ghost (amateur DjEE)
  3185 | D:4      | Reached skill level 6 in Summonings
  3228 | D:4      | Reached XP level 6. HP: 18/36 MP: 3/9
  4028 | D:5      | Entered Level 5 of the Dungeon
  4196 | D:5      | Reached skill level 7 in Summonings
  4646 | D:5      | Reached XP level 7. HP: 41/41 MP: 11/11
  4687 | D:5      | Noticed Blork the orc
  4714 | D:5      | Killed Blork the orc
  4831 | D:5      | Identified the +5 falchion "Gram" {protect, rPois}
  5143 | D:5      | Found a staircase to the Ecumenical Temple.
  5151 | Temple   | Entered the Ecumenical Temple
  5286 | Temple   | Became a worshipper of Gozag Ym Sagoz the Greedy
  5499 | D:2      | Killed Robin
  5806 | D:2      | HP: 2/41 [poisoned by an adder]
  6327 | D:3      | Killed Natasha
  6600 | D:3      | Noticed Natasha
  6605 | D:3      | Killed Natasha
  6606 | D:3      | Reached skill level 8 in Summonings
  7091 | D:5      | Learned a level 4 spell: Summon Lightning Spire
  7101 | D:5      | Reached skill level 1 in Air Magic
  7146 | D:5      | Reached XP level 8. HP: 24/46 MP: 14/14
  8111 | D:6      | Identified the +6 sling of Osuwed {speed, Fly Int+3}
  8665 | D:6      | Reached skill level 9 in Summonings
  9030 | D:7      | Reached skill level 10 in Summonings
  9030 | D:7      | Reached XP level 9. HP: 43/51 MP: 10/15
  9463 | D:7      | Reached skill level 11 in Summonings
  9750 | D:7      | Found a runed translucent door.
  9751 | D:7      | Noticed Crazy Yiuf
  9760 | D:7      | Killed Crazy Yiuf
  9768 | D:7      | Identified the +6 hammer "Joresuin" {protect, rF+}
 10389 | D:7      | Learned a level 2 spell: Blink
 10434 | D:8      | Noticed a manticore
 10444 | D:8      | Killed a manticore
 10445 | D:8      | Reached skill level 1 in Translocations
 10991 | D:8      | Found a burning altar of Makhleb.
 11017 | D:8      | Identified the +1 robe "Jempoxkia" {rCorr Int+2}
 11217 | D:8      | Noticed a hornet
 11232 | D:8      | Killed a hornet
 11670 | D:9      | Noticed a troll
 11723 | D:9      | Killed a troll
 11724 | D:9      | Reached skill level 5 in Spellcasting
 11724 | D:9      | Reached skill level 12 in Summonings
 11724 | D:9      | Reached XP level 10. HP: 56/56 MP: 7/17
 11742 | D:9      | Noticed a kobold demonologist
 11746 | D:9      | Killed a kobold demonologist
 12123 | D:9      | Learned a level 5 spell: Manifold Assault
 12219 | D:9      | Noticed a kobold demonologist
 12226 | D:9      | Noticed an orange demon
 12228 | D:9      | Noticed an orange demon
 12228 | D:9      | Killed a kobold demonologist
 12552 | D:9      | Found a shimmering altar of Xom.
 12606 | D:9      | Noticed a two-headed ogre
 12617 | D:9      | Killed a two-headed ogre
 13001 | D:9      | Noticed a kobold demonologist
 13023 | D:9      | Noticed an orange demon
 13023 | D:9      | Noticed an orange demon
 13041 | D:9      | Killed a kobold demonologist
 13042 | D:9      | Reached skill level 5 in Translocations
 13286 | D:9      | Found a radiant altar of Vehumet.
 13565 | D:4      | Killed t4s4d4r's ghost
 13566 | D:4      | Reached skill level 13 in Summonings
 13742 | D:10     | Entered Level 10 of the Dungeon
 13813 | D:10     | Noticed a death yak
 13822 | D:10     | Noticed a death yak
 13831 | D:10     | Killed a death yak
 13832 | D:10     | Reached XP level 11. HP: 61/61 MP: 3/21
 13834 | D:10     | Killed a death yak
 13842 | D:10     | Noticed a death yak
 13848 | D:10     | Noticed a death yak
 13848 | D:10     | Noticed a death yak
 13849 | D:10     | Noticed a death yak
 13852 | D:10     | Noticed a death yak
 13852 | D:10     | Killed a death yak
 13854 | D:10     | Noticed a death yak
 14006 | D:10     | Killed a death yak
 14015 | D:10     | Killed a death yak
 14021 | D:10     | Killed a death yak
 14028 | D:10     | Killed a death yak
 14178 | D:10     | Killed a death yak
 14205 | D:10     | Found a staircase to the Lair.
 14428 | D:10     | Found a staircase to the Orcish Mines.
 14455 | D:10     | Reached skill level 14 in Summonings
 14639 | D:10     | Found an ornate altar of the Wu Jian Council.
 14685 | D:10     | Noticed a two-headed ogre
 14730 | D:10     | Killed a two-headed ogre
 15225 | D:11     | Noticed a green ugly thing
 15240 | D:11     | Killed a green ugly thing
 15241 | D:11     | Reached skill level 1 in Fighting
 15322 | D:11     | Noticed a six-headed hydra
 15339 | D:11     | Killed a six-headed hydra
 15340 | D:11     | Reached XP level 12. HP: 69/69 MP: 15/24
 16029 | D:11     | Found Ynagh's Jewellery Emporium.
 16347 | Lair:1   | Entered Level 1 of the Lair of Beasts
 16498 | Lair:1   | Reached skill level 5 in Air Magic
 16548 | Lair:1   | Noticed a death yak
 16550 | Lair:1   | Noticed a death yak
 16674 | Lair:1   | Killed a death yak
 18127 | D:13     | Noticed a centaur warrior
 18130 | D:13     | HP: 2/74 [centaur warrior/arrow (27)]
 18130 | D:13     | Slain by a kobold demonologist

Illustrated notes

Levels and vault maps discovered:
D:1:      dpeg_arrival_arbitrary_b, layout_rooms,
          shapermc_ecumenical_altar_starsandcircs, serial_shops,
          nicolae_lakefront_shop, nicolae_hexahallways
D:2:      layout_basic, basic_altar, bh_walls_and_bars, uniq_robin
D:3:      layout_basic, uniq_natasha
D:4:      layout_cave_pools, ebering_ghost_inner_flame, minmay_misc_feat_tower,
          nicolae_grassy_gnolls
D:5:      layout_loops_ring, minmay_temple_entry_drinking_statues,
          uniq_blork_the_orc
D:6:      layout_rooms
D:7:      layout_basic, grunt_ministairs_6, kennysheep_dice, uniq_menkaure,
          uniq_crazy_yiuf_cottage
D:8:      layout_loops_corners, bloody_makhleb
D:9:      layout_basic, general_overflow_altar, vehumet_statue
D:10:     layout_basic, pdpol_wu_jian_five_deadly_venoms, dpeg_lair_monsters,
          david_orc_3
D:11:     layout_loops_corners, serial_shops, shop
D:12:     wad_lake_hut, layout_gridville, nicolae_trove_entry_crossroad
D:13:     minmay_the_grid_square_5x5_3x3 [minmay_the_grid_square_5x5_slash,
          minmay_the_grid_square_5x5_three,
          minmay_the_grid_square_5x5_trominoes,
          minmay_the_grid_square_5x5_three_small,
          minmay_the_grid_square_5x5_megaprize_diamond,
          minmay_the_grid_square_5x5_corner,
          minmay_the_grid_square_5x5_two_small,
          minmay_the_grid_square_5x5_shuriken,
          minmay_the_grid_square_5x5_bridge], layout_rooms, serial_shops, shop
Temple:   regret_index_temple_chain_breaker
Lair:1:   layout_regular_city

Skill      XL: |  1  2  3  4  5  6  7  8  9 10 11 12 |
---------------+-------------------------------------+-----
Stealth        | 3 |  3.0
Summonings     | 5 6 7 8 10 12 13 14 | 14.2
Hexes          | 1 2 |  2.0
Spellcasting   | 3 4 5 7 8 |  8.8
Air Magic      | 1 4 5 |  5.7
Translocations | 3 5 8 9 |  9.0
Fighting       | 1 3 |  3.8
Dodging        | |  2.1

Action                   |  1- 3 |  4- 6 |  7- 9 | 10-12 || total
-------------------------+-------+-------+-------+-------++-------
Melee: Unarmed           |    83 |     4 |       |       ||    87
       Constrict         |    24 |    10 |    27 |     5 ||    66
       Tentacles         |    22 |     5 |    18 |     5 ||    50
       Punch             |     2 |       |       |       ||     2
       Whip              |       |    24 |       |       ||    24
       Halberd           |       |    19 |   103 |       ||   122
       Falchion          |       |       |    13 |     7 ||    20
       Trident           |       |       |     5 |    34 ||    39
 Fire: Sling             |       |       |    22 |       ||    22
Throw: Dart              |       |     1 |     3 |       ||     4
 Cast: Summon Small Mamm |    16 |    13 |     4 |     6 ||    39
       Call Canine Famil |     6 |    18 |    30 |    35 ||    89
       Summon Guardian G |       |     4 |    19 |    49 ||    72
       Summon Lightning  |       |       |    10 |    30 ||    40
       Manifold Assault  |       |       |       |     5 ||     5
       Blink             |       |       |       |     1 ||     1
Evoke: Wand              |       |       |       |     1 ||     1
  Use: Potion            |       |     2 |     1 |       ||     3
 Stab: Sleeping          |     7 |     2 |    13 |       ||    22
       Distracted        |       |       |     1 |     1 ||     2
       Betrayed ally     |       |       |       |     1 ||     1
Armor: Skin              |     9 |     1 |    12 |     3 ||    25
Dodge: Dodged            |    59 |    26 |    76 |    38 ||   199
